 Dungeon Crawl Stone Soup version 0.17-a0-2108-g65e8068 (webtiles) character file.

62272 Herrn the Spry (level 14, -8/66 HPs)
             Began as a Felid Monk on Oct 19, 2015.
             Was the Champion of Jiyva.
             Mangled by an anaconda (15 damage)
             ... on level 2 of the Snake Pit.
             The game lasted 02:30:24 (47717 turns).

Herrn the Spry (Felid Monk)                        Turns: 47717, Time: 02:30:24

Health: -8/66      AC:  5    Str: 10    XL:     14   Next: 15%
Magic:  15/15      EV: 48    Int: 13    God:    Jiyva [******]
Gold:   1690       SH:  0    Dex: 28    Spells: 2 memorised, 7 levels left
                                        Lives:  0   Deaths: 2

rFire  . . .     SeeInvis +       - Unarmed
rCold  + + .     Clarity  +     (armour unavailable)
rNeg   + . .     SustAt   .     (shield unavailable)
rPois  +         Gourm    .     (helmet unavailable)
rElec  +         Spirit   .     (cloak unavailable)
rCorr  +         Warding  +     (gloves unavailable)
rMut   .         Stasis   .     (boots unavailable)
MR     ++...                    R - amulet "Hacwumok" {Ward +Inv rN+ Dex+4}
Stlth  +++++++++.               u - ring "Raybasaj" {rElec rPois rC+ Dex+5 SInv} (curse)
                                B - ring of Shaolin {EV+8}

@: studying Unarmed Combat, very slow, very resistant to hostile enchantments,
incredibly stealthy
A: no armour, no weapons or thrown items, claws 1, fangs 3, thin metallic scales
1, see invisible, carnivore 3, clarity, speed 1, shaggy fur 3, slow metabolism
1, acidic bite, translucent skin 2, sharp paws
a: Request Jelly, Jelly Paralyse, Slimify, Cure Bad Mutation, Renounce Religion,
Evoke Invisibility
}: 1/15 runes: slimy


You were on level 2 of the Snake Pit.
You worshipped Jiyva.
Jiyva was exalted by your worship.
You were completely stuffed.

You visited 5 branches of the dungeon, and saw 30 of its levels.
You also visited: Labyrinth, Sewer and Ossuary.

You collected 1690 gold pieces.

Inventory:

Jewellery
 b - a cursed ring of poison resistance
 p - an uncursed amulet of resist mutation
 s - a cursed ring of protection from magic
 t - a cursed amulet of guardian spirit
 u - the cursed ring "Raybasaj" (right paw) {rElec rPois rC+ Dex+5 SInv}
   (You found it on level 10 of the Dungeon)

   [ring of see invisible]

   It affects your dexterity (+5).
   It protects you from cold.
   It insulates you from electricity.
   It protects you from poison.
   It lets you see invisible.
   It has a curse placed upon it.
 B - the ring of Shaolin (left paw) {EV+8}
   (You found it on level 8 of the Lair of Beasts)

   [ring of evasion]

   It affects your evasion (+8).
 R - the amulet "Hacwumok" (around neck) {Ward +Inv rN+ Dex+4}
   (You found it on level 6 of the Pits of Slime)

   [amulet of warding]

   It may prevent the melee attacks of summoned creatures.
   It affects your dexterity (+4).
   It protects you from negative energy.
   It lets you turn invisible.
 T - the cursed amulet "Butzicao" {Stasis rPois Dex+4}
   (You found it on level 6 of the Pits of Slime)

   [amulet of stasis]

   It prevents you from being teleported, slowed, hasted or paralysed.
   It affects your dexterity (+4).
   It protects you from poison.
   It has a curse placed upon it.
Wands
 c - a wand of cold (3)
 g - a wand of heal wounds (5)
 m - a wand of frost (16)
 x - a wand of slowing (22)
 z - a wand of flame (34)
 C - a wand of frost (14)
 F - a wand of enslavement (9)
 I - a wand of polymorph (0)
 L - a wand of flame (34)
Scrolls
 i - 3 scrolls of fog
 k - a scroll of holy word
 l - 4 scrolls of identify
 o - 8 scrolls of teleportation
 v - 5 scrolls of magic mapping
 y - 4 scrolls of amnesia
 E - 2 scrolls of remove curse
 Q - a scroll of blinking
Potions
 d - 2 potions of brilliance
 e - 3 potions of cure mutation
 h - 7 potions of curing
 n - a potion of lignification
 M - a potion of haste
 V - a potion of heal wounds
Books
 j - a book of Ice

   Spells                             Type                      Level
   a - Ice Form                       Ice/Transmutation            4
   b - Metabolic Englaciation         Hexes/Ice                    5
   c - Ozocubu's Refrigeration        Ice                          6
   d - Bolt of Cold                   Conjuration/Ice              6
   e - Freezing Cloud                 Conjuration/Ice/Air          6
   f - Simulacrum                     Ice/Necromancy               6
 r - a book of Cantrips

   Spells                             Type                      Level
   a - Corona                         Hexes                        1
   b - Animate Skeleton               Necromancy                   1
   c - Summon Small Mammal            Summoning                    1
   d - Apportation                    Translocation                1
 w - a manual of Unarmed Combat
 D - Sif Muna's Compendium of the Assistive Frostbite
   (You found it in a labyrinth)

   Spells                             Type                      Level
   a - Repel Missiles                 Charms/Air                   2
   b - Throw Frost                    Conjuration/Ice              2
   c - Ensorcelled Hibernation        Hexes/Ice                    2
   d - Ozocubu's Armour               Charms/Ice                   3
   e - Simulacrum                     Ice/Necromancy               6
 H - the Papyrus of Blistering Combat Magic
   (You found it on level 8 of the Lair of Beasts)

   Spells                             Type                      Level
   a - Throw Frost                    Conjuration/Ice              2
   b - Dazzling Spray                 Conjuration/Hexes            3
   c - Sticky Flame                   Conjuration/Fire             4
   d - Fireball                       Conjuration/Fire             5
   e - Bolt of Magma                  Conjuration/Fire/Earth       5
 J - a book of Minor Magic

   Spells                             Type                      Level
   a - Magic Dart                     Conjuration                  1
   b - Blink                          Translocation                2
   c - Call Imp                       Summoning                    2
   d - Repel Missiles                 Charms/Air                   2
   e - Slow                           Hexes                        2
   f - Conjure Flame                  Conjuration/Fire             3
   g - Mephitic Cloud                 Conjuration/Poison/Air       3
 K - a book of the Dragon

   Spells                             Type                      Level
   a - Flame Tongue                   Conjuration/Fire             1
   b - Cause Fear                     Hexes                        4
   c - Bolt of Fire                   Conjuration/Fire             6
   d - Dragon Form                    Transmutation                7
   e - Dragon's Call                  Summoning                    9
 N - a book of Conjurations

   Spells                             Type                      Level
   a - Magic Dart                     Conjuration                  1
   b - Searing Ray                    Conjuration                  2
   c - Dazzling Spray                 Conjuration/Hexes            3
   d - Fulminant Prism                Conjuration/Hexes            4
   e - Iskenderun's Mystic Blast      Conjuration                  4
   f - Iskenderun's Battlesphere      Conjuration/Charms           5
 S - the Guide on Captivating Battle Magic
   (You found it on level 6 of the Pits of Slime)

   Spells                             Type                      Level
   a - Shock                          Conjuration/Air              1
   b - Confusing Touch                Hexes                        2
   c - Slow                           Hexes                        2
   d - Fulminant Prism                Conjuration/Hexes            4
   e - Lightning Bolt                 Conjuration/Air              5
 U - Ximo's Incunabulum of the Earthen Oath
   (You found it on level 6 of the Pits of Slime)

   Spells                             Type                      Level
   a - Sandblast                      Earth                        1
   b - Corona                         Hexes                        1
   c - Confuse                        Hexes                        3
   d - Gell's Gravitas                Hexes/Translocation          3
   e - Petrify                        Transmutation/Earth          4
   f - Discord                        Hexes                        8
Miscellaneous
 A - a lamp of fire
 G - a stone of tremors
 P - a box of beasts
Comestibles
 a - 11 meat rations
 f - 2 slices of pizza
 q - 19 beef jerkies
 O - a royal jelly
 W - 3 chunks of flesh


   Skills:
 + Level 10.7 Fighting
 + Level 19.5 Dodging
 + Level 17.6 Stealth
 * Level 16.2 Unarmed Combat
 * Level 5.3 Charms
 * Level 5.7 Transmutations
 * Level 3.7 Air Magic
 * Level 1.3 Earth Magic


You had 7 spell levels left.
You knew the following spells:

 Your Spells              Type           Power        Failure   Level  Hunger
a - Petrify               Trmt/Erth      #.......     75%         4    #####..
b - Repel Missiles        Chrm/Air       ##....       10%         2    ###....


Dungeon Overview and Level Annotations

Branches:
Dungeon (13/15)            Temple (1/1) D:5            Lair (8/8) D:11
 Shoals (0/4) Lair:6        Snake (2/4) Lair:3        Slime (6/6) Lair:6
    Orc (0/4) D:9
 Vaults: D:13-14

Altars:
Ashenzari
Cheibriados
Dithmenos
Elyvilon
Fedhas
Gozag
Kikubaaqudgha
Makhleb
Nemelex Xobeh
Okawaru
Qazlal
Ru
Sif Muna
Trog
Vehumet
Xom
Yredelemnul
Zin
The Shining One
Jiyva

Shops:
D:4 (   D:11 (

Annotations:
Slime:6 Royal Jelly


Innate Abilities, Weirdness & Mutations

You cannot wear armour.
You are incapable of wielding weapons or throwing items.
You have sharp claws.
You have razor-sharp teeth.
You have supernaturally acute eyesight.
You are carnivorous and can eat meat at any time.
You cover ground quickly.
Your thick and shaggy fur keeps you warm (AC +3, rC+).
You have a slow metabolism.
Your sharp claws are effective at attacking unaware monsters.
You are partially covered in thin metallic scales (AC +2).
You possess an exceptional clarity of mind.
You have acidic saliva.
Your skin is mostly translucent (Stealth, -foe acc).


Message History

The lance of force misses you. The anaconda completely misses you.
The anaconda completely misses you. The anaconda completely misses you. x2
The anaconda closely misses you. The anaconda bites you!
You see here an anaconda corpse.
The anaconda grabs you. The anaconda bites you! The anaconda constricts you.
The anaconda completely misses you. The anaconda constricts you.
The mana viper completely misses you.
You escape the anaconda's grasp.
The anaconda misses you. The anaconda completely misses you.
The mana viper completely misses you. The anaconda completely misses you.
The anaconda misses you. The anaconda completely misses you.
The anaconda misses you. The mana viper completely misses you.
The anaconda completely misses you. The anaconda completely misses you.
The mana viper completely misses you. The anaconda completely misses you.
The anaconda bites you!
* * * LOW HITPOINT WARNING * * *
The anaconda completely misses you. x2
The mana viper barely misses you. The anaconda completely misses you.
The anaconda bites you!
You die...

##..## #...#......##
.. #..##
#...###.....# ##..#
#..# ##...... ##...#
#.# #....... #....##
#.## ##........
##....## #..#
#........ ###...#
#..# #....####
##..### #..#
##..!####@>##
##....#SS..###
##....N.......
##............
##†.........##
#..#####....########
#..[.....###
###....†## #######
######


You could see an anaconda, a naga ritualist and a mana viper.

Vanquished Creatures
  Gastronok (D:12)
  A minotaur (Lab)
  Erolcha (D:11)
  An ice dragon (Lair:8)
  A naga warrior (Snake:1)
  A centaur warrior (D:11)
  9 hydras
  6 death yaks (Lair:5)
  4 anacondas
  A catoblepas (Lair:8)
  The ghost of wojtek the Nimble, a journeyman KoAs of Makhleb (Lair:2)
  2 tengu warriors
  A shock serpent (Snake:1)
  3 unseen horrors
  A flayed ghost (D:10)
  A naga ritualist (Snake:1)
  Pikel (D:8)
  3 hill giants
  An oklob plant (Lair:3)
  4 griffons
  2 lindwurms
  2 ugly things (D:13)
  3 cyclopes
  8 elephants
  A manticore (D:12)
  A mana viper (Snake:1)
  The ghost of Clownie the Prestidigitator, a novice OpAs of Dithmenos (D:7)
  13 black mambas
  2 sirens (Lair:6)
  2 gargoyles (D:12)
  5 torpor snails (Lair:8)
  An orange crystal statue (D:11)
  12 spiny frogs
  5 fire drakes
  3 kobold demonologists (D:12)
  10 komodo dragons
  A tengu conjurer (D:12)
  2 merfolk (Lair:6)
  6 trolls
  The ghost of Kromin the Cleaver, an amateur MiBe of Trog (Ossuary)
  9 polar bears
  3 giant leeches (Lair:8)
  16 blink frogs
  A raiju (Lair:8)
  A boulder beetle (Lair:6)
  A spriggan (D:8)
  84 yaks
  2 fire bats (D:10)
  5 wraiths (D:10)
  6 basilisks
  7 wargs (Lair:8)
  14 hippogriffs
  Menkaure (Ossuary)
  3 nagas
  A redback simulacrum (D:11)
  19 wolves
  28 water moccasins
  4 hell hounds (Lair:8)
  3 wasps (Lair:8)
  2 eyes of draining
  4 orc warriors
  13 porcupines
  2 necrophages
  13 black bears
  2 ice beasts
  7 phantoms
  A sky beast (D:11)
  9 ogres
  12 crocodiles
  8 centaurs
  5 big kobolds
  23 giant frogs
  3 brain worms (Lair:8)
  A gnoll sergeant (D:12)
  2 wyvern zombies
  3 scorpions
  The ghost of Kromin the Chopper, a weakling MiBe of Trog (D:3)
  An electric eel (Lair:5)
  21 killer bees
  9 crimson imps
  2 centaur zombies
  2 giant frog zombies
  5 orc priests
  18 hounds
  5 wights (D:13)
  5 jellies
  4 centaur skeletons
  3 giant frog skeletons
  Terence (D:3)
  11 orc wizards
  13 iguanas
  2 quasits
  16 sheep
  7 worker ants
  7 hell rats (Lair:4)
  2 hound zombies
  A hound skeleton (D:4)
  3 mummies (Ossuary)
  9 gnolls
  33 adders
  53 river rats
  2 shadow imps
  An ooze (D:1)
  3 adder skeletons
  2 adder zombies (D:7)
  17 worms
  66 orcs
  3 ball pythons
  6 giant cockroaches
  2 gnoll zombies (Ossuary)
  4 goblins
  8 hobgoblins
  20 jackals
  5 quokkas
  16 bats
  11 giant geckos
  3 giant newts
  A gnoll skeleton (Ossuary)
  3 goblin skeletons (Ossuary)
  2 goblin zombies (Ossuary)
  28 kobolds
  2 kobold skeletons (Ossuary)
  3 kobold zombies (Ossuary)
  2 orc skeletons (Ossuary)
  3 orc zombies (Ossuary)
  A quokka skeleton (D:5)
  A quokka zombie (D:7)
  11 rats
  A rat skeleton (Ossuary)
  4 rat zombies (Ossuary)
  9 plants (Lair:3)
917 creatures vanquished.

Vanquished Creatures (collateral kills)
  2 black mambas (Snake:1)
  A naga mage (Snake:1)
  2 spiny frogs (Lair:8)
5 creatures vanquished.

Vanquished Creatures (others)
  The ghost of vible the Conqueror, a master MiGl of Gozag (Slime:6)
  4 acid blobs (Slime:6)
  A death ooze (Slime:6)
  2 great orbs of eyes (Slime:6)
  11 slime creatures (Slime:6)
  A slave (D:8)
  2 water moccasins
  A porcupine (Lair:6)
  An ice beast (D:8)
  2 phantoms
  A brain worm (Lair:8)
  5 giant frogs
  A wyvern skeleton (D:8)
  2 killer bees (D:10)
  2 hounds (D:10)
  A crimson imp (D:5)
  A quasit (D:11)
  A wasp zombie (D:6)
  100 jellies
  2 orc wizards
  2 orc priests (D:4)
  2 iguanas
  A killer bee zombie (D:8)
  2 worker ants
  7 adders
  3 river rats
  A gnoll (D:8)
  An adder zombie (D:5)
  5 worms
  3 giant geckos
  3 orcs
  2 bats
  2 gnoll zombies (Ossuary)
  4 goblins
  A hobgoblin (D:3)
  9 jackals
  5 kobolds
  2 quokkas
  A giant newt (D:1)
  2 gnoll skeletons (Ossuary)
  6 goblin skeletons (Ossuary)
  3 goblin zombies (Ossuary)
  2 hobgoblin skeletons (Ossuary)
  A hobgoblin zombie (Ossuary)
  4 kobold skeletons (Ossuary)
  3 kobold zombies (Ossuary)
  An orc skeleton (Ossuary)
  6 rats
  A rat skeleton (Ossuary)
  2 rat zombies (Ossuary)
  58 fungi
  53 plants
340 creatures vanquished.

Grand Total: 1262 creatures vanquished

Notes
Turn   | Place    | Note
--------------------------------------------------------------
     0 | D:1      | Herrn the Felid Monk began the quest for the Orb.
     0 | D:1      | Reached XP level 1. HP: 10/10 MP: 2/2
   174 | D:1      | Reached XP level 2. HP: 14/14 MP: 3/3
   826 | D:1      | You fall through a shaft!
   982 | D:2      | Reached XP level 3. HP: 17/17 MP: 4/4
  1837 | D:2      | Reached XP level 4. HP: 11/21 MP: 5/5
  2727 | D:3      | Reached XP level 5. HP: 24/24 MP: 6/6
  2756 | D:3      | Noticed Terence
  2758 | D:3      | Reached skill level 5 in Unarmed Combat
  3128 | D:3      | Reached skill level 5 in Stealth
  3185 | D:3      | Noticed Kromin's ghost (weakling MiBe)
  3202 | D:4      | Reached skill level 5 in Dodging
  3417 | D:4      | Found a stormy altar of Qazlal.
  3417 | D:4      | Noticed an ogre
  3418 | D:4      | Found an opulent altar of Gozag.
  3429 | D:4      | Killed an ogre
  3429 | D:4      | Gained mutation: You are covered in thick fur (AC +2). [Felid growth]
  3429 | D:4      | Reached XP level 6. HP: 28/28 MP: 7/7
  3470 | D:4      | Found a sparkling altar of Nemelex Xobeh.
  3470 | D:4      | Found a snail-covered altar of Cheibriados.
  3472 | D:4      | Found an iron altar of Okawaru.
  3474 | D:4      | Found a radiant altar of Vehumet.
  3493 | D:4      | Became a worshipper of Cheibriados the Contemplative
  3493 | D:4      | Reached * piety under Cheibriados
  3493 | D:4      | Reached ** piety under Cheibriados
  3572 | D:4      | Found Toteng's Weapon Shop.
  3600 | D:4      | Reached skill level 6 in Stealth
  4095 | D:4      | Found a shattered altar of Ashenzari.
  4739 | D:5      | Entered Level 5 of the Dungeon
  4767 | D:5      | Found a glowing drain.
  4779 | Sewer    | Entered a sewer
  4798 | Sewer    | Noticed Kromin's ghost (amateur MiBe)
  4883 | D:5      | Reached XP level 7. HP: 32/32 MP: 8/8
  4929 | D:5      | Found a staircase to the Ecumenical Temple.
  4947 | Temple   | Entered the Ecumenical Temple
  5228 | D:5      | Reached skill level 7 in Stealth
  5231 | D:5      | Reached *** piety under Cheibriados
  5926 | D:6      | Reached skill level 8 in Stealth
  5926 | D:6      | Reached XP level 8. HP: 36/36 MP: 9/9
  6370 | D:6      | Found a blossoming altar of Fedhas.
  6397 | D:6      | Reached skill level 5 in Fighting
  6466 | D:6      | Gained mutation: Your magical capacity is low (-10% MP). [potion of mutation]
  6466 | D:6      | Lost mutation: Your magical capacity is low (-10% MP). [potion of mutation]
  6466 | D:6      | Gained mutation: You expend magic power (3 MP) to strengthen your wands. [potion of mutation]
  6523 | D:6      | Reached skill level 9 in Stealth
  6603 | D:3      | Reached **** piety under Cheibriados
  6681 | D:3      | Killed Kromin's ghost
  6870 | D:3      | Killed Terence
  7087 | D:7      | Found a sand-covered staircase.
  7092 | Ossuary  | Entered an ossuary
  7131 | Ossuary  | Noticed Kromin's ghost (amateur MiBe)
  7133 | Ossuary  | Lost mutation: You expend magic power (3 MP) to strengthen your wands. [potion of cure mutation]
  7151 | Ossuary  | Killed Kromin's ghost
  7151 | Ossuary  | Reached XP level 9. HP: 25/40 MP: 10/10
  7602 | Ossuary  | Reached ***** piety under Cheibriados
  7714 | Ossuary  | Noticed Menkaure
  7722 | Ossuary  | Killed Menkaure
  8164 | D:7      | Reached skill level 10 in Stealth
  8307 | D:7      | Noticed Clownie's ghost (novice OpAs)
  8314 | D:7      | Killed Clownie's ghost
  8482 | D:7      | Reached skill level 10 in Dodging
  8687 | D:8      | Noticed Pikel
  8696 | D:8      | Killed Pikel
  8886 | D:8      | Found a shadowy altar of Dithmenos.
  8942 | D:8      | Reached skill level 11 in Dodging
  9017 | D:8      | Reached XP level 10. HP: 45/45 MP: 11/11
  9665 | D:9      | Found a staircase to the Orcish Mines.
  9680 | D:9      | Reached ****** piety under Cheibriados
  9727 | D:9      | Found a shadowy altar of Dithmenos.
  9819 | D:9      | Noticed an unseen horror
  9853 | D:9      | Killed an unseen horror
  9853 | D:9      | Reached skill level 12 in Stealth
 10267 | D:9      | Noticed a tengu warrior
 10307 | D:9      | Killed a tengu warrior
 10809 | D:9      | Noticed a cyclops
 10811 | D:9      | Killed a cyclops
 11082 | D:9      | Reached XP level 11. HP: 41/49 MP: 12/12
 11091 | D:9      | Reached skill level 13 in Dodging
 11483 | D:10     | Entered Level 10 of the Dungeon
 11487 | D:10     | Gained mutation: You passively map a small area around you. [potion of beneficial mutation]
 11526 | D:10     | Found a shimmering altar of Xom.
 11530 | D:10     | Found a shattered altar of Ashenzari.
 11546 | D:10     | Found a burning altar of Makhleb.
 11636 | D:10     | Found an opulent altar of Gozag.
 11770 | D:10     | Found a runed door.
 11773 | D:10     | Found a shimmering altar of Xom.
 11791 | D:10     | Found a shattered altar of Ashenzari.
 11802 | D:10     | Noticed a flayed ghost
 11807 | D:10     | Killed a flayed ghost
 11807 | D:10     | Reached skill level 10 in Unarmed Combat
 11811 | D:10     | Got a crude lapis lazuli ring
 11813 | D:10     | Identified the ring "Raybasaj" {rElec rPois rC+ Dex+5 SInv} (You found it on level 10 of the Dungeon)
 11989 | D:10     | Noticed a hill giant
 12001 | D:10     | Killed a hill giant
 12001 | D:10     | Reached skill level 14 in Dodging
 12746 | D:11     | Noticed Erolcha
 12768 | D:11     | Killed Erolcha
 12862 | D:11     | Noticed a centaur warrior
 12936 | D:11     | Killed a centaur warrior
 13046 | D:11     | Found a staircase to the Lair.
 13383 | D:11     | Found Beokiyje's Antique Weapon Shop.
 13433 | D:11     | Reached skill level 15 in Dodging
 13483 | D:11     | Gained mutation: Your thick and shaggy fur keeps you warm (AC +3, rC+). [Felid growth]
 13483 | D:11     | Reached XP level 12. HP: 43/55 MP: 8/13
 14331 | D:12     | Noticed Gastronok
 14366 | D:12     | Killed Gastronok
 14535 | D:12     | Noticed a five-headed hydra
 14545 | D:12     | Killed a five-headed hydra
 14859 | D:12     | Reached skill level 16 in Dodging
 15295 | D:13     | Noticed a seven-headed hydra
 15301 | D:13     | Killed a seven-headed hydra
 15524 | D:13     | Reached skill level 15 in Stealth
 15618 | D:13     | Reached XP level 13. HP: 30/59 MP: 7/14
 16238 | Lair:1   | Entered Level 1 of the Lair of Beasts
 16440 | Lair:1   | Reached skill level 17 in Dodging
 17822 | Lair:2   | Noticed wojtek's ghost (journeyman KoAs)
 18340 | Lair:2   | Killed wojtek's ghost
 20175 | Lair:3   | Found a staircase to the Snake Pit.
 20508 | Lair:4   | Reached skill level 18 in Dodging
 20892 | Lair:4   | Reached XP level 14. HP: 64/64 MP: 15/15
 21125 | Lair:4   | Identified a scroll of acquirement
 21773 | Lair:5   | Found a labyrinth entrance.
 21782 | Lab      | Entered a labyrinth
 22016 | Lab      | HP: 1/65 [minotaur/staff of power (24)]
 22020 | Lab      | Slain by a minotaur
 22021 | Lab      | Reached XP level 13. HP: -5/61 MP: 0/14
 22284 | Lab      | Identified Sif Muna's Compendium of the Assistive Frostbite (You found it in a labyrinth)
 22422 | Lair:5   | Learned a level 7 spell: Dragon Form
 22425 | Lair:5   | Learned a level 2 spell: Repel Missiles
 22699 | Lair:5   | Reached skill level 1 in Transmutations
 23076 | Lair:5   | Reached skill level 1 in Charms
 23085 | Lair:5   | Reached skill level 1 in Air Magic
 23180 | Lair:5   | Reached skill level 10 in Fighting
 23748 | Lair:6   | Found a staircase to the Shoals.
 23821 | Lair:6   | Found a viscous altar of Jiyva.
 23821 | Lair:6   | Found a staircase to the Slime Pits.
 23827 | Lair:6   | Fell from the grace of Cheibriados
 23827 | Lair:6   | Became a worshipper of Jiyva Jatyph the Shapeless
 23989 | D:10     | Reached * piety under Jiyva
 24383 | D:1      | Reached ** piety under Jiyva
 27982 | D:3      | Reached *** piety under Jiyva
 28529 | D:3      | Gained mutation: Your body is partially covered in golden eyeballs (Acc +3). [Jiyva's grace]
 30181 | D:4      | Gained mutation: You are resistant to electric shocks. [Jiyva's grace]
 30181 | D:4      | Reached **** piety under Jiyva
 31433 | D:4      | Gained mutation: Your flesh is heat resistant. [Jiyva's grace]
 35350 | Lair:5   | Lost mutation: You are resistant to electric shocks. [Jiyva's grace]
 35435 | D:6      | Reached ***** piety under Jiyva
 37105 | D:7      | Gained mutation: You are partially covered in thin metallic scales (AC +2). [Jiyva's grace]
 38688 | D:9      | Gained mutation: You passively map the area around you. [Jiyva's grace]
 39530 | D:10     | Gained mutation: You are resistant to hostile enchantments. [Jiyva's grace]
 39894 | D:10     | Reached ****** piety under Jiyva
 40359 | D:11     | Gained mutation: You have a small jelly attached to you that may absorb incoming projectiles. [Jiyva's grace]
 40677 | Lair:1   | Lost mutation: Your flesh is heat resistant. [Jiyva's grace]
 42807 | Lair:5   | Gained mutation: You are resistant to electric shocks. [Jiyva's grace]
 43013 | Lair:6   | Lost mutation: You passively map the area around you. [Jiyva's grace]
 43186 | Lair:6   | Reached XP level 14. HP: 49/66 MP: 11/15
 43401 | Lair:7   | Gained mutation: Your skin is partially translucent (Stealth, -foe acc). [Jiyva's grace]
 43764 | Lair:7   | Reached skill level 15 in Unarmed Combat
 44191 | Lair:8   | Entered Level 8 of the Lair of Beasts
 44279 | Lair:8   | Identified the Papyrus of Blistering Combat Magic
 44375 | Lair:8   | Gained mutation: You can translocate small distances at will. [Jiyva's grace]
 44436 | Lair:8   | Lost mutation: Your body is partially covered in golden eyeballs (Acc +3). [Jiyva's grace]
 44454 | Lair:8   | Reached skill level 19 in Dodging
 45063 | Lair:8   | Found a runed door.
 45171 | Lair:8   | Lost mutation: You passively map a small area around you. [Jiyva's grace]
 46168 | Lair:8   | Reached skill level 5 in Transmutations
 46235 | Lair:8   | Gained mutation: You have acidic saliva. [Jiyva's grace]
 46691 | Slime:1  | Entered Level 1 of the Pits of Slime
 46703 | Slime:3  | Noticed an acid blob
 46703 | Slime:3  | Noticed an acid blob
 46723 | Slime:6  | Entered Level 6 of the Pits of Slime
 46734 | Slime:6  | Noticed an acid blob
 46736 | Slime:6  | Gained mutation: Your skin is mostly translucent (Stealth, -foe acc). [Jiyva's grace]
 46741 | Slime:6  | Lost mutation: You can translocate small distances at will. [Jiyva's grace]
 46742 | Slime:6  | Found a viscous altar of Jiyva.
 46742 | Slime:6  | Noticed an acid blob
 46743 | Slime:6  | Noticed the royal jelly
 46746 | Slime:6  | Lost mutation: You have a small jelly attached to you that may absorb incoming projectiles. [Jiyva's grace]
 46747 | Slime:6  | Noticed an acid blob
 46747 | Slime:6  | Noticed an acid blob
 46750 | Slime:6  | Noticed an acid blob
 46750 | Slime:6  | Lost mutation: You are resistant to hostile enchantments. [Jiyva's grace]
 46757 | Slime:6  | Got a shimmering emerald amulet
 46758 | Slime:6  | Noticed an acid blob
 46759 | Slime:6  | Identified the Guide on Captivating Battle Magic (You found it on level 6 of the Pits of Slime)
 46762 | Slime:6  | Got a pitted bronze amulet
 46771 | Slime:6  | Identified Ximo's Incunabulum of the Earthen Oath
 46779 | Slime:6  | Got a slimy rune of Zot
 46784 | Slime:6  | Killed an acid blob
 46786 | Slime:6  | Noticed vible's ghost (master MiGl)
 46786 | Slime:6  | Killed an acid blob
 46788 | Slime:6  | Killed an acid blob
 46789 | Slime:6  | Noticed an azure jelly
 46794 | Slime:6  | Killed an acid blob
 46798 | Slime:6  | Killed vible's ghost
 46811 | Slime:6  | Noticed an acid blob
 46817 | Slime:6  | Noticed an acid blob
 46879 | Lair:6   | Identified the amulet "Hacwumok" {Ward +Inv rN+ Dex+4} (You found it on level 6 of the Pits of Slime)
 46880 | Lair:6   | Identified the amulet "Butzicao" {Stasis rPois Dex+4} (You found it on level 6 of the Pits of Slime)
 46958 | Snake:1  | Entered Level 1 of the Snake Pit
 46970 | Snake:1  | Found a white marble altar of Elyvilon.
 47009 | Snake:1  | Learned a level 4 spell: Petrify
 47077 | Snake:1  | HP: 2/66 [anaconda (2)]
 47082 | Snake:1  | HP: 3/66 [naga ritualist/Olgreb's Toxic Radiance (1)]
 47082 | Snake:1  | Slain by an anaconda
 47083 | Snake:1  | Reached XP level 13. HP: -2/62 MP: 10/14
 47099 | Snake:1  | Reached skill level 5 in Charms
 47115 | Snake:1  | Reached XP level 14. HP: 35/66 MP: 15/15
 47289 | Snake:1  | HP: 3/66 [something (6)]
 47322 | Snake:1  | Lost mutation: You are resistant to electric shocks. [Jiyva's grace]
 47525 | Snake:1  | Reached skill level 1 in Earth Magic
 47556 | Snake:2  | Gained mutation: You possess an exceptional clarity of mind. [potion of mutation]
 47556 | Snake:2  | Gained mutation: You are dopey. (Int -2) [potion of mutation]
 47556 | Snake:2  | Gained mutation: You have an increased reservoir of magic (+10% MP). [potion of mutation]
 47557 | Snake:2  | Lost mutation: You are dopey. (Int -2) [Jiyva's power]
 47558 | Snake:2  | Lost mutation: You possess an exceptional clarity of mind. [potion of mutation]
 47558 | Snake:2  | Lost mutation: You have an increased reservoir of magic (+10% MP). [potion of mutation]
 47558 | Snake:2  | Gained mutation: You possess an exceptional clarity of mind. [potion of mutation]
 47717 | Snake:2  | Mangled by an anaconda

Vault maps used:
D:1:      mainiacjoe_arrival_reflecting_pool, minmay_misc_feat_doors
D:2:      first_bread, nrook_mini_vaults
D:3:      uniq_terence
D:4:      ashenzari_altar_1, grunt_temple_overflow_open, serial_shops, shop
D:5:      minmay_temple_entry_crystal_x, portal_sewer_entry_d,
          serial_bayou_pond_a, kennysheep_generic_room_3
D:6:      basic_altar
D:7:      enter_ossuary_2
D:8:      lemuel_crystal_altar, the_bakery, uniq_pikel
D:9:      wad_arrow_thing, orc_0_dummy, serial_glass, glass_columns_b,
          glass_columns_b, grunt_dithmenos_smoke_and_mirrors
D:10:     due_megacathedral
D:11:     dpeg_lair_monsters, serial_shops, shop, kennysheep_crisscross,
          minmay_statue_bubble, uniq_erolcha
D:12:     kennysheep_generic_room_15, uniq_gastronok
D:13:     serial_curves, eino_curves_03, eino_curves_01, eino_curves_03,
          eino_curves_01
Temple:   triangle_lava_temple_11
Lair:1:   beast_lair_carwin_4, grunt_megastairs_2, infiniplex_staircase_pool_2
Lair:3:   lemuel_reptile_caves, wad_woods_road_04
Lair:5:   lab_entry_generic, serial_bayou_shore_a, lemuel_fruit_fields
Lair:6:   elwin_shoals_entry_stream, dpeg_slime_entry_enclosed_altar
Lair:8:   wormcave, hangedman_lair_caniforms_friends
Snake:1:  cheibrodos_snake_lava_hold, basic_altar, st_stairs_1
Snake:2:  serial_shops, nicolae_shop_stone, shop, nicolae_shop_crystal,
          nicolae_shop_trees, shop, basic_stair_grate_trap, lemuel_fruit_tree
Slime:3:  uniq_dissolution
Lab:      labyrinth_mini_lab, labyrinth_skeletal_remains, lab_statue
Sewer:    sewer_co_purgy_island
Ossuary:  ossuary_due_pyramid

Action                   |  1- 3 |  4- 6 |  7- 9 | 10-12 | 13-15 || total
-------------------------+-------+-------+-------+-------+-------++-------
Melee: Unarmed           |    92 |   189 |   351 |   618 |  1663 ||  2913
Invok: Request Jelly     |       |       |       |       |    35 ||    35
       Jelly Paralyse    |       |       |       |       |     1 ||     1
       Cure Bad Mutation |       |       |       |       |     1 ||     1
Evoke: Wand              |       |       |       |       |    19 ||    19
  Use: Potion            |       |     3 |     6 |    12 |     6 ||    27
       Scroll            |       |     6 |    12 |     5 |    21 ||    44
 Stab: Sleeping          |    11 |    17 |    30 |    39 |    76 ||   173
       Distracted        |     2 |       |     3 |     6 |    15 ||    26
       Fleeing           |       |       |       |     1 |       ||     1
       Confused          |       |       |       |       |     5 ||     5
  Eat: Chunk             |     9 |     4 |     7 |    11 |    44 ||    75
